 Dungeon Crawl Stone Soup version 0.27.1-1-g398f81649c (webtiles) character file.

Game seed: 10817221574169090996

660 FreshCat the Sneak (level 7, -4/63 HPs)
             Began as an Octopode Venom Mage on Sept 17, 2021.
             Was a Believer of Trog.
             Slain by an ogre (16 damage)
             ... on level 5 of the Dungeon.
             The game lasted 00:30:19 (6510 turns).

FreshCat the Sneak (Octopode Venom Mage)            Turns: 6510, Time: 00:30:19

Health: -4/63      AC:  1    Str: 15    XL:     7   Next: 56%
Magic:  11/11      EV: 14    Int: 17    God:    Trog [**....]
Gold:   145        SH:  5    Dex: 19    Spells: 5/12 levels left

rFire    + . .     SeeInvis +     - Unarmed
rCold    x . .     Faith    .   (no shield)
rNeg     + . .     Spirit   .   (helmet restricted)
rPois    .         Reflect  +   l - amulet of reflection
rElec    .         Harm     .   h - +6 ring of strength
rCorr    .         Rampage  .   e - +6 ring of dexterity
Will     .....                  k - ring of positive energy
Stlth    ..........             j - ring of fire
HPRegen  0.20/turn              o - ring of see invisible
MPRegen  0.12/turn              (no ring)
                                (no ring)
                                (no ring)

@: berserking, very quick
A: almost no armour, amphibious, 8 rings, camouflage 1, gelatinous body 1,
(nimble swimmer 1), tentacles
a: Renounce Religion, Berserk, Trog's Hand


You were on level 5 of the Dungeon.
You worshipped Trog.
Trog was pleased with you.
You visited 1 branch of the dungeon, and saw 6 of its levels.
You also visited: Sewer.

You collected 175 gold pieces.
You spent 30 gold pieces at shops.

Inventory:

Missiles
 b - 56 stones
 g - 5 poisoned darts
 r - 3 boomerangs (quivered)
Jewellery
 e - a +6 ring of dexterity (right tentacle)
 h - a +6 ring of strength (left tentacle)
 j - a ring of fire (on tentacle)
 k - a ring of positive energy (on tentacle)
 l - an amulet of reflection (around mantle)
 o - a ring of see invisible (on tentacle)
 s - an amulet of magic regeneration
Wands
 t - a wand of paralysis (10)
 v - a wand of charming (10)
Scrolls
 a - a scroll of teleportation
 p - a scroll of enchant weapon
Potions
 c - 3 potions of degeneration {unknown}
 d - a potion of mutation {unknown}
 f - 2 potions of haste
 i - 2 potions of curing {unknown}
 m - 2 potions of lignification
 n - a potion of heal wounds {unknown}
 q - a potion of magic {unknown}
 u - a potion of berserk rage {unknown}


   Skills:
 + Level 0.7 Fighting
 * Level 3.1 Throwing
 + Level 2.9 Dodging
 + Level 5.4 Stealth
 + Level 3.8 Unarmed Combat
 - Level 3.1 Spellcasting
 - Level 1.6 Transmutations
 - Level 0.7 Air Magic
 - Level 4.7 Poison Magic


You had 5 spell levels left.
You knew the following spells:

 Your Spells              Type           Power      Damage    Failure   Level
a - Sting                 Tmut/Pois      52%        1d5       4%          1
b - Poisonous Vapours     Pois/Air       24%        N/A       9%          2
c - Olgreb's Toxic Radia  Pois           18%        N/A       24%         4

Your spell library contained the following spells:

 Spells                   Type           Power      Damage    Failure   Level
 Mephitic Cloud           Conj/Pois/Air  8%         N/A       24%         3


Dungeon Overview and Level Annotations

Branches:
Dungeon (6/15)              Sewer (visited)
 Temple: D:4-7

Altars:
Hepliaklqana
Trog
Vehumet

Shops:
D:1 !

Annotations:
D:3 exclusions: 2 downstairs and phantom
D:4 exclusion: necrophage
D:5 exclusion: centaur


Innate Abilities, Weirdness & Mutations

You cannot wear most types of armour.
You are amphibious.
You can wear up to eight rings at the same time.
Your skin changes colour to match your surroundings (Stealth+).
Your rubbery body absorbs attacks. (AC +1, EV +1)
((You are camouflaged near water. (Stealth+)))
You have tentacles for arms and can constrict up to eight enemies at once.


Message History

A red film seems to cover your vision as you go berserk!
You feel yourself moving faster!
You feel mighty! The ice beast barely misses you.
You are too injured to fight recklessly!
You tentacle-slap the ice beast.
The ice beast is severely wounded.
You tentacle-slap the ice beast. x2
You kill the ice beast!
Trog accepts your kill.
Your Throwing skill increases to level 3!
You start resting.
You feel a strong urge to attack something.
You start resting.
You feel your anger nearly subside.
You are no longer berserk.
You are exhausted.
You feel yourself slow down.
You start resting.
You feel yourself speed up.
You start resting.
You recover from your berserk rage.
You start resting.
HP restored.
The helpless ogre fails to defend itself.
You tentacle-slap the ogre. You squeeze the ogre.
The ogre is moderately wounded.
The ogre barely misses you.
You tentacle-slap the ogre.
The ogre is heavily wounded.
The ogre hits you with a +0 giant spiked club!!
Ouch! That really hurt!
* * * LOW HITPOINT WARNING * * *
You are too injured to fight recklessly!
A red film seems to cover your vision as you go berserk!
You feel yourself moving faster!
You feel mighty!
You are too injured to fight recklessly!
You are too injured to fight recklessly!
You tentacle-slap the ogre.
The ogre is heavily wounded.
The ogre hits you with a +0 giant spiked club!
You die...

..............>....
#####..............
#####......########
##.....<..## ..........#
#### ..........##
##...##
#####.<....######.......
#............O......
##...........@.#
#...........####
##..#####....# ##.<##
#....... #..## ###....$.
#.## ####### #.# #.# #.#


You could see an ogre.

Vanquished Creatures
  An ice beast (D:5)
  An ogre (D:6)
  A phantom (D:5)
  A scorpion (D:4)
  2 hounds (D:4)
  An orc priest (D:4)
  2 iguanas
  An orc wizard (D:4)
  A hound zombie (D:5)
  3 gnolls (D:4)
  4 adders
  An ufetubus (D:4)
  An adder skeleton (D:4)
  2 worms
  2 dart slugs
  12 orcs
  3 bats
  6 endoplasms
  3 giant cockroaches
  8 goblins
  4 hobgoblins
  9 kobolds
  3 quokkas
  6 ball pythons
  6 frilled lizards
  A quokka skeleton (D:4)
  9 rats
94 creatures vanquished.

Vanquished Creatures (others)
  A demonic plant (D:3)
1 creature vanquished.

Grand Total: 95 creatures vanquished

Notes
Turn   | Place    | Note
-------+----------+-------------------------------------------
     0 | D:1      | FreshCat the Octopode Venom Mage began the quest for the
                  | Orb.
     0 | D:1      | Reached XP level 1. HP: 11/11 MP: 3/3
   488 | D:1      | Reached XP level 2. HP: 17/17 MP: 1/5
   491 | D:1      | Learned a level 2 spell: Poisonous Vapours
   619 | D:1      | Reached skill level 3 in Stealth
  1116 | D:1      | Found Omoviocu's Distillery.
  1119 | D:1      | Bought a potion of lignification for 30 gold pieces
  1610 | D:3      | Found a faded altar of an unknown god.
  1786 | D:3      | Reached XP level 3. HP: 9/21 MP: 2/6
  1889 | D:3      | Found a glowing drain.
  1893 | Sewer    | Entered a sewer
  2063 | Sewer    | Noticed Purgy
  2813 | D:2      | Reached XP level 4. HP: 21/27 MP: 3/7
  2855 | D:2      | Learned a level 4 spell: Olgreb's Toxic Radiance
  3330 | D:4      | Noticed a necrophage
  3461 | D:3      | Noticed a phantom
  3860 | D:3      | Reached XP level 5. HP: 28/31 MP: 9/9
  4230 | D:3      | Became a worshipper of Trog the Wrathful
  4230 | D:3      | Reached * piety under Trog
  4458 | D:4      | Reached skill level 1 in Throwing
  4458 | D:4      | Reached skill level 4 in Stealth
  4458 | D:4      | Reached skill level 1 in Unarmed Combat
  4463 | D:4      | Reached XP level 6. HP: 36/36 MP: 10/10
  4746 | D:4      | Reached ** piety under Trog
  5143 | D:4      | Reached skill level 5 in Stealth
  5309 | D:5      | Entered Level 5 of the Dungeon
  5856 | D:4      | Found a hazy altar of Hepliaklqana.
  5856 | D:4      | Found a radiant altar of Vehumet.
  6147 | D:5      | Reached XP level 7. HP: 40/42 MP: 11/11
  6510 | D:5      | Slain by an ogre

Illustrated notes

Levels and vault maps discovered:
D:1:      lemuel_arrival_room, layout_loops_corners, serial_shops,
          nicolae_shop_trees
D:2:      layout_rooms, minmay_pentomino_v2
D:3:      layout_loops_ring, shapermc_ecumenical_altar_gd,
          gup_sewer_entry_spiral, minmay_randomly_rotated_circles
D:4:      layout_loops_corners, gammafunk_temple_overflow_elements,
          serial_park_tiny_1, minmay_ruptured
D:5:      layout_layer_cave, serial_shops, nicolae_take_the_stairs, uniq_ijyb
D:6:      layout_basic, nicolae_yredelemnul_corpse_copse,
          minmay_temple_entry_glass

Skill      XL: |  1  2  3  4  5  6  7 |
---------------+----------------------+-----
Poison Magic   | 4 |  4.7
Stealth        | 3 4 5 |  5.4
Spellcasting   | 3 |  3.1
Throwing       | 1 2 3 |  3.1
Unarmed Combat | 1 3 |  3.8
Fighting       | |  0.7
Dodging        | |  2.9
Transmutations | |  1.6
Air Magic      | |  0.7

Action                   |  1- 3 |  4- 6 |  7- 9 || total
-------------------------+-------+-------+-------++-------
Melee: Unarmed           |    42 |   111 |    27 ||   180
       Constrict         |    15 |    28 |     2 ||    45
       Tentacles         |    15 |    31 |     8 ||    54
       Punch             |       |       |     1 ||     1
Throw: Boomerang         |       |    11 |     7 ||    18
       Dart              |       |     5 |       ||     5
       Stone             |       |     1 |       ||     1
 Cast: Sting             |    29 |    10 |       ||    39
       Poisonous Vapours |    15 |     9 |       ||    24
Invok: Berserk           |       |     3 |     2 ||     5
  Use: Scroll            |     6 |     6 |       ||    12
       Potion            |     1 |       |       ||     1
 Stab: Sleeping          |    10 |     7 |     2 ||    19
Armor: Skin              |     4 |     3 |       ||     7
Dodge: Dodged            |    26 |    46 |    14 ||    86
Block: Other             |     5 |    20 |     4 ||    29
       Reflection        |       |     1 |       ||     1
